[Event "Titled Tuesday Blitz July 11 Early 2023"]
[White "Arat, Ufuk Sezen"]
[Black "cedchass2006"]
[WhiteFideId "6309089"]
[WhiteElo "2568"]
[BlackElo "2401"]
[Result "1-0"]
[Round "7"]
[TimeControl "180+2"]
[Date "2023.07.11"]
[WhiteClock "0:00:50"]
[BlackClock "0:00:00"]
[Board "127"]

1. d4 Nf6 2. Nd2 d5 3. Ngf3 e6 4. g3 Be7 5. Bg2 O-O 6. O-O c5 7. c3 Nc6 8. a4 b6 9. Re1 Bb7 10. h4 Rc8 11. Nb3 cxd4 12. Nfxd4 Nxd4 13. Nxd4 Ne4 14. Nf3 Bf6 15. Bf4 Nxc3 16. bxc3 Bxc3 17. Rb1 Bxe1 18. Qxe1 Qd7 19. a5 bxa5 20. Qxa5 Ba8 21. Ne5 Qe7 22. Ra1 f6 23. Nd3 e5 24. Bd2 Rfd8 25. Qxa7 Qxa7 26. Rxa7 d4 27. Ba5 Re8 28. Bh3 Rc2 29. Bd7 Rb8 30. Be6+ Kh8 31. h5 Rxe2 32. Kh2 Bf3 33. h6 gxh6 34. Bb4 Rxb4 35. Ra8+ 1-0


[Site "https://www.chess.com"]

[Event "Titled Tuesday Blitz July 11 Early 2023"]
[White "Villuendas Valero, Adrian"]
[Black "Kim, Sergey"]
[WhiteFideId "2262460"]
[BlackFideId "13700570"]
[WhiteElo "2393"]
[BlackElo "2565"]
[Result "0-1"]
[Round "7"]
[TimeControl "180+2"]
[Date "2023.07.11"]
[WhiteClock "0:00:00"]
[BlackClock "0:00:44"]
[Board "128"]

1. e4 e5 2. Nf3 Nc6 3. Bc4 Bc5 4. c3 Nf6 5. d3 d6 6. Nbd2 a6 7. a4 Ba7 8. O-O O-O 9. Re1 Nh5 10. Nf1 Qf6 11. Ng3 Nf4 12. d4 Bg4 13. d5 Ne7 14. Be3 Neg6 15. Bxa7 Rxa7 16. Be2 Nxe2+ 17. Qxe2 Bxf3 18. Qxf3 Qxf3 19. gxf3 Nh4 20. Re3 g6 21. Ne2 Raa8 22. f4 f6 23. Rh3 g5 24. fxg5 fxg5 25. Rg3 h6 26. c4 a5 27. Raa3 Rf7 28. c5 Raf8 29. f3 Nxf3+ 30. Kg2 Nh4+ 31. Kh3 dxc5 32. Rab3 b6 33. d6 cxd6 34. Rxb6 Rf2 35. Nc3 Nf3 36. Rg2 Rf1 37. Rxd6 h5 38. Rg6+ Kh7 39. R6xg5 Nxg5+ 40. Rxg5 Kh6 41. Rxe5 R1f2 42. Rxc5 Rxb2 43. Rf5 Rxf5 44. exf5 Rb3 0-1


[Site "https://www.chess.com"]

[Event "Titled Tuesday Blitz July 11 Early 2023"]
[White "Ncatt"]
[Black "Ionescu, Mihai"]
[BlackFideId "1202499"]
[WhiteElo "2377"]
[BlackElo "2556"]
[Result "1-0"]
[Round "7"]
[TimeControl "180+2"]
[Date "2023.07.11"]
[WhiteClock "0:01:28"]
[BlackClock "0:01:14"]
[Board "129"]

1. e4 c5 2. Nf3 d6 3. d4 cxd4 4. Nxd4 Nf6 5. Nc3 g6 6. Be3 Bg7 7. f3 h5 8. Qd2 a6 9. Bc4 Nbd7 10. O-O b5 11. Bb3 Bb7 12. a4 b4 13. Na2 a5 14. c3 bxc3 15. Nxc3 Nc5 16. Bc4 Nfd7 17. Nd5 Ne5 18. Bb5+ Kf8 19. b4 e6 20. bxc5 dxc5 21. Bg5 exd5 22. Bxd8 Rxd8 23. Qxa5 Bf6 24. Nb3 d4 25. Nxc5 Kg7 26. Nxb7 1-0


[Site "https://www.chess.com"]

[Event "Titled Tuesday Blitz July 11 Early 2023"]
[White "Chernomordik, Pavel"]
[Black "Haitin, Ilja"]
[WhiteFideId "2804530"]
[BlackFideId "4501764"]
[WhiteElo "2548"]
[BlackElo "2376"]
[Result "1-0"]
[Round "7"]
[TimeControl "180+2"]
[Date "2023.07.11"]
[WhiteClock "0:00:06"]
[BlackClock "0:00:00"]
[Board "130"]

1. e4 e6 2. Nc3 d5 3. d4 Be7 4. Nf3 Nf6 5. Bd3 c5 6. e5 Nfd7 7. dxc5 Nc6 8. Qe2 Nxc5 9. O-O g5 10. Bb5 a6 11. Bxc6+ bxc6 12. Nd4 Bd7 13. f4 gxf4 14. Bxf4 Qb6 15. Qf2 Rg8 16. b3 O-O-O 17. Be3 Qb8 18. Nxc6 Bxc6 19. Bxc5 Bxc5 20. Qxc5 Qc7 21. Ne2 Be8 22. Qxc7+ Kxc7 23. Nd4 Kb6 24. Rac1 Rc8 25. c3 Rg5 26. Rfe1 a5 27. Kf2 Bd7 28. g3 h5 29. h4 Rg4 30. Ne2 Rcg8 31. Rg1 Re4 32. Nf4 Rxe5 33. Rce1 Rf5 34. Ke3 Bc6 35. Ref1 e5 36. Ne2 Rxf1 37. Rxf1 Bb5 38. Rf6+ Kc5 39. Rxf7 Bxe2 40. Kxe2 Rxg3 41. Rf5 Rxc3 42. Rxe5 Rc2+ 43. Kd3 Rxa2 44. Rxh5 Rb2 45. Kc3 Rh2 46. Rh7 Rh3+ 47. Kc2 Kd4 48. Ra7 Rxh4 49. Rxa5 Rh2+ 50. Kd1 Rb2 51. Rb5 Ke4 52. Kc1 Rh2 53. Rc5 d4 54. Rc8 Kd3 55. b4 Rh1+ 56. Kb2 Kd2 57. b5 Rh5 58. Rb8 d3 59. b6 Rb5+ 60. Ka3 Kd1 61. Ka4 Rb1 62. Ka5 1-0


[Site "https://www.chess.com"]

[Event "Titled Tuesday Blitz July 11 Early 2023"]
[White "AyMitecK"]
[Black "Skuhala, Barbara"]
[BlackFideId "14605465"]
[WhiteElo "2546"]
[BlackElo "2335"]
[Result "1-0"]
[Round "7"]
[TimeControl "180+2"]
[Date "2023.07.11"]
[WhiteClock "0:01:54"]
[BlackClock "0:00:49"]
[Board "131"]

1. e4 c5 2. Nf3 d5 3. exd5 Qxd5 4. Nc3 Qd8 5. Bc4 e6 6. O-O Nf6 7. Re1 Be7 8. Ne4 O-O 9. d3 a6 10. a4 Nc6 11. Be3 Rb8 12. Nxc5 b5 13. axb5 axb5 14. Bb3 Nd5 15. Ne4 h6 16. Bc5 Nf6 17. Nxf6+ Bxf6 18. Bxf8 1-0


[Site "https://www.chess.com"]

[Event "Titled Tuesday Blitz July 11 Early 2023"]
[White "Palencia Morales, Wilson Guillermo"]
[Black "Szente Varga, Fruzsina"]
[WhiteFideId "4401859"]
[BlackFideId "712264"]
[WhiteElo "2528"]
[BlackElo "2327"]
[Result "1-0"]
[Round "7"]
[TimeControl "180+2"]
[Date "2023.07.11"]
[WhiteClock "0:02:00"]
[BlackClock "0:00:05"]
[Board "132"]

1. d4 Nf6 2. c4 g6 3. Nf3 Bg7 4. Nc3 O-O 5. e4 d6 6. Be2 e5 7. O-O Nc6 8. d5 Ne7 9. Ne1 Nd7 10. Nd3 f5 11. f3 f4 12. Bd2 g5 13. h3 h5 14. Rc1 Nf6 15. c5 Rf7 16. cxd6 cxd6 17. Nf2 Bf8 18. Nb5 Ng6 19. Qb3 Rg7 20. Rc2 Nh4 21. Be1 g4 22. hxg4 hxg4 23. fxg4 Bxg4 24. Nxg4 Nxg4 25. Bxg4 Rxg4 26. Qh3 Qg5 27. Bxh4 Rxh4 28. Qe6+ Kh7 29. Rf3 Qh5 30. Rc7+ Bg7 31. Rh3 Rxh3 32. Qxh3 Qxh3 33. gxh3 Kh6 34. Nxd6 b6 35. Nf5+ Kg5 36. Rxg7+ Kh5 37. h4 1-0


[Site "https://www.chess.com"]

[Event "Titled Tuesday Blitz July 11 Early 2023"]
[White "Wernberg, Hugo"]
[Black "feuervogel1000000"]
[WhiteFideId "1737511"]
[WhiteElo "2318"]
[BlackElo "2515"]
[Result "0-1"]
[Round "7"]
[TimeControl "180+2"]
[Date "2023.07.11"]
[WhiteClock "0:00:00"]
[BlackClock "0:01:01"]
[Board "133"]

1. d4 Nf6 2. c4 g6 3. Nf3 Bg7 4. g3 O-O 5. Bg2 d6 6. Nc3 Nbd7 7. e4 e5 8. O-O Re8 9. h3 a5 10. Re1 c6 11. Be3 exd4 12. Nxd4 Nc5 13. Bg5 h6 14. Bf4 Nh5 15. Be3 Be6 16. b3 a4 17. Qc2 axb3 18. axb3 Rxa1 19. Rxa1 Qd7 20. Kh2 Na6 21. Qd2 g5 22. Rd1 Nc5 23. b4 Na6 24. Nxe6 Rxe6 25. b5 Nc7 26. Bd4 Bxd4 27. Qxd4 cxb5 28. c5 b4 29. Qxb4 dxc5 30. Rxd7 cxb4 31. Rxc7 bxc3 32. Rxc3 Nf6 33. Rb3 b6 34. f4 gxf4 35. gxf4 Nd7 36. e5 Nc5 37. Rb4 Rg6 38. Rc4 Kg7 39. Be4 Re6 40. Kg3 f6 41. Kf3 fxe5 42. fxe5 Rxe5 43. Rb4 Nd7 44. Bc6 Rf5+ 45. Kg4 Rg5+ 46. Kf4 Nc5 47. Rxb6 Ne6+ 48. Ke3 Rg3+ 49. Kf2 Rc3 50. Bd7 Nd4 0-1


[Site "https://www.chess.com"]

[Event "Titled Tuesday Blitz July 11 Early 2023"]
[White "Todorovic, Bojan"]
[Black "slidingknight2775"]
[WhiteFideId "917087"]
[WhiteElo "2324"]
[BlackElo "2510"]
[Result "1-0"]
[Round "7"]
[TimeControl "180+2"]
[Date "2023.07.11"]
[WhiteClock "0:00:34"]
[BlackClock "0:00:01"]
[Board "134"]

1. d4 Nf6 2. c4 e6 3. Nf3 d5 4. Bg5 h6 5. Bxf6 Qxf6 6. Nbd2 c6 7. g3 Nd7 8. Bg2 Qd8 9. O-O Nf6 10. Qc2 Be7 11. e4 O-O 12. Rfe1 b6 13. Rac1 Ba6 14. cxd5 cxd5 15. e5 Nd7 16. Qa4 Bd3 17. Rc3 Bh7 18. Rec1 a6 19. Qc6 Ra7 20. a3 Qb8 21. Bh3 Bg6 22. Bxe6 fxe6 23. Qxe6+ Kh7 24. Qxe7 Nc5 25. Qh4 Nd3 26. R1c2 Kg8 27. e6 Qe8 28. Rc6 Re7 29. Rc8 Qa4 30. Qxe7 Rxc8 31. Rxc8+ Kh7 32. Rc7 Qd1+ 33. Kg2 Ne1+ 34. Nxe1 1-0


[Site "https://www.chess.com"]

[Event "Titled Tuesday Blitz July 11 Early 2023"]
[White "Chen, Max"]
[Black "Sarkar, Justin"]
[WhiteFideId "2622440"]
[BlackFideId "2010011"]
[WhiteElo "2478"]
[BlackElo "2260"]
[Result "1-0"]
[Round "7"]
[TimeControl "180+2"]
[Date "2023.07.11"]
[WhiteClock "0:01:11"]
[BlackClock "0:00:00"]
[Board "135"]

1. e4 e5 2. Nf3 Nc6 3. Bc4 Nf6 4. d3 Bc5 5. O-O O-O 6. Nbd2 a6 7. c3 d6 8. Bb3 Ba7 9. h3 h6 10. Re1 Re8 11. Nf1 Be6 12. Ng3 Qd7 13. Be3 Bxe3 14. fxe3 d5 15. exd5 Nxd5 16. d4 Nb6 17. Bc2 Rad8 18. Nh4 Nc4 19. b3 Na3 20. Bd3 exd4 21. cxd4 Nxd4 22. Qh5 Ndb5 23. Rad1 Qe7 24. Nf3 1-0


[Site "https://www.chess.com"]

[Event "Titled Tuesday Blitz July 11 Early 2023"]
[White "Thiel, Thomas"]
[Black "Rodriguez Fontecha, Marcos"]
[WhiteFideId "4615964"]
[BlackFideId "2256576"]
[WhiteElo "2230"]
[BlackElo "2449"]
[Result "0-1"]
[Round "7"]
[TimeControl "180+2"]
[Date "2023.07.11"]
[WhiteClock "0:00:00"]
[BlackClock "0:00:05"]
[Board "136"]

1. e4 e6 2. d4 d5 3. Nc3 Bb4 4. e5 Ne7 5. a3 Bxc3+ 6. bxc3 b6 7. Qg4 Ng6 8. h4 h5 9. Qg3 Ba6 10. Ne2 Qd7 11. Nf4 Nxf4 12. Bxf4 Rg8 13. Bxa6 Nxa6 14. Qd3 Qa4 15. Bg5 Qc4 16. Qxc4 dxc4 17. Kd2 c6 18. a4 Nc7 19. a5 Kd7 20. axb6 axb6 21. Rhb1 b5 22. f3 Nd5 23. Be3 f6 24. f4 fxe5 25. dxe5 Rgf8 26. g3 Rfb8 27. Bc5 Rc8 28. Re1 Ke8 29. Rf1 g6 30. Rg1 Kf7 31. Bd6 Nb6 32. Bc5 Na4 33. Bd6 Nb6 34. Bc5 Na4 35. Bd6 Ke8 36. g4 hxg4 37. Rxg4 Kf7 38. Rag1 Rg8 39. Rg5 Nb6 40. h5 gxh5 41. Bc5 Nd5 42. Rxh5 Rxg1 43. Bxg1 Nxf4 44. Rh7+ Kg6 45. Rc7 Ra6 46. Be3 Nd5 47. Rc8 Kf5 48. Bd4 Ke4 0-1


[Site "https://www.chess.com"]

[Event "Titled Tuesday Blitz July 11 Early 2023"]
[White "Herman, Daniel"]
[Black "Hrescak, Ivana"]
[WhiteFideId "30935008"]
[BlackFideId "14613441"]
[WhiteElo "2431"]
[BlackElo "2150"]
[Result "1/2-1/2"]
[Round "7"]
[TimeControl "180+2"]
[Date "2023.07.11"]
[WhiteClock "0:00:04"]
[BlackClock "0:00:18"]
[Board "137"]

1. Nf3 d5 2. b3 Nf6 3. Bb2 Bg4 4. Ne5 Bf5 5. d3 Nbd7 6. Nxd7 Qxd7 7. Nd2 e6 8. g3 h5 9. Bg2 h4 10. e4 Bg6 11. Qe2 hxg3 12. hxg3 Rxh1+ 13. Bxh1 O-O-O 14. O-O-O Kb8 15. f4 Bh5 16. Bf3 Bxf3 17. Qxf3 Qb5 18. exd5 Nxd5 19. Kb1 Qa5 20. Nc4 Nc3+ 21. Bxc3 Qxc3 22. Qg2 b5 23. Qd2 Qxd2 24. Nxd2 Bb4 25. Ne4 f6 26. Rh1 Re8 27. Rh7 Re7 28. Kb2 Kc8 29. c3 Bd6 30. Rh8+ Kb7 31. Rd8 Kc6 32. c4 bxc4 33. bxc4 g5 34. fxg5 fxg5 35. Nxd6 cxd6 36. Rg8 Rb7+ 37. Kc3 Rb1 38. Rxg5 Ra1 39. Ra5 Kb6 40. Rb5+ Kc6 41. Ra5 Kb6 42. Ra3 Rg1 43. Rb3+ Kc6 44. Kb4 Rxg3 45. d4 Rxb3+ 46. axb3 e5 47. dxe5 dxe5 48. Kc3 a5 49. Kd3 Kc5 50. Ke4 Kb4 51. Kxe5 a4 52. bxa4 Kxc4 53. a5 Kb5 54. a6 Kxa6 1/2-1/2


[Site "https://www.chess.com"]

[Event "Titled Tuesday Blitz July 11 Early 2023"]
[White "Pinheiro, Iung Alicio de O."]
[Black "Atanasov, Radislav"]
[WhiteFideId "2104350"]
[BlackFideId "2901471"]
[WhiteElo "2567"]
[BlackElo "2216"]
[Result "1-0"]
[Round "7"]
[TimeControl "180+2"]
[Date "2023.07.11"]
[WhiteClock "0:01:07"]
[BlackClock "0:00:00"]
[Board "138"]

1. d4 Nf6 2. c4 c5 3. d5 e6 4. Nc3 exd5 5. cxd5 d6 6. e4 g6 7. f4 Bg7 8. Bb5+ Nfd7 9. Nf3 O-O 10. O-O Na6 11. a3 Nc7 12. Bd3 Rb8 13. Kh1 b5 14. f5 c4 15. Bc2 a5 16. Bg5 f6 17. Bf4 Ne5 18. Nd4 b4 19. axb4 axb4 20. Na4 gxf5 21. Bxe5 fxe5 22. Nc6 Qh4 23. Nxb8 fxe4 24. Rxf8+ Bxf8 25. Qe1 Qh5 26. Bxe4 Nb5 27. Nc6 Nd4 28. Nb6 Bg4 29. Nxd4 exd4 30. Nxc4 Bg7 31. Ra8+ Bf8 32. Qf2 Qh6 33. h3 Bxh3 34. gxh3 Qxh3+ 35. Kg1 1-0


[Site "https://www.chess.com"]

[Event "Titled Tuesday Blitz July 11 Early 2023"]
[White "Nithyalakshmi, Sivanesan"]
[Black "Safin, Robert"]
[WhiteFideId "5706955"]
[BlackFideId "34189120"]
[WhiteElo "2352"]
[BlackElo "2555"]
[Result "1-0"]
[Round "7"]
[TimeControl "180+2"]
[Date "2023.07.11"]
[WhiteClock "0:01:45"]
[BlackClock "0:00:00"]
[Board "139"]

1. e4 e6 2. d4 d5 3. Bd3 dxe4 4. Bxe4 Nf6 5. Bf3 c5 6. Ne2 Nc6 7. Be3 cxd4 8. Nxd4 Ne5 9. Nc3 a6 10. Qe2 Nxf3+ 11. gxf3 Bb4 12. O-O-O Bxc3 13. Nxe6 Qa5 14. Rd8+ Ke7 15. Bc5+ 1-0


[Site "https://www.chess.com"]

[Event "Titled Tuesday Blitz July 11 Early 2023"]
[White "Girya, Olga"]
[Black "Bogaudinov, Rushan"]
[WhiteFideId "4195752"]
[BlackFideId "4129288"]
[WhiteElo "2552"]
[BlackElo "2335"]
[Result "1/2-1/2"]
[Round "7"]
[TimeControl "180+2"]
[Date "2023.07.11"]
[WhiteClock "0:00:11"]
[BlackClock "0:00:27"]
[Board "140"]

1. d4 Nf6 2. Nf3 d5 3. c4 e6 4. Nc3 Be7 5. Bf4 a6 6. cxd5 Nxd5 7. Bg3 O-O 8. e4 Nxc3 9. bxc3 c5 10. Rb1 cxd4 11. cxd4 Nc6 12. Qd2 b5 13. Be2 Bb7 14. O-O Qa5 15. Qb2 Rfd8 16. Rfd1 Rac8 17. Qb3 Nb8 18. Bxb8 Rxb8 19. d5 exd5 20. exd5 Rbc8 21. Rd3 Rc5 22. Rbd1 Bd6 23. Ng5 Rc4 24. Bf3 Qc7 25. g3 Qe7 26. h4 h6 27. Re3 Qc7 28. Ne4 Rc1 29. Rd3 Rxd1+ 30. Rxd1 Be5 31. Kg2 Qc4 32. Qxc4 bxc4 33. Nd2 Bxd5 34. Rc1 c3 35. Ne4 Bxe4 36. Bxe4 Rd2 37. Rc2 g6 38. Rxd2 cxd2 39. Bc2 Bc3 40. Kf1 Kg7 41. g4 Kf6 42. Ke2 Ke5 43. h5 gxh5 44. gxh5 Kf4 45. Bb3 f5 46. Bf7 Kg5 47. Bg6 Bb4 48. f3 a5 49. a4 f4 50. Bf7 Kh4 51. Bg6 Kg5 52. Bf7 Kf6 53. Bg6 Ke5 54. Be4 Kd4 55. Kd1 Ke3 56. Bc6 Bc5 57. Bd5 Bd6 58. Bc6 Bb4 59. Bd5 Kf2 60. Bc6 Kg3 61. Bd5 Kh3 62. Bc6 Kh4 63. Be8 Bc3 64. Bf7 Bb4 65. Bg6 Kg3 66. Be4 Kf2 67. Bd5 Ke3 68. Be4 Kd4 69. Bc6 Kc3 70. Be8 Bc5 71. Bd7 Bd6 72. Be8 Kd3 73. Bb5+ Ke3 74. Bc6 Bc7 75. Bd5 Bd8 76. Be4 Bh4 77. Bd5 Bf6 78. Be4 Bc3 79. Bd5 Bb4 80. Be4 Kd4 81. Bc6 Kc5 82. Be8 Bc3 83. Bd7 Bb4 84. Be8 Kd4 85. Bd7 Kd3 86. Bc6 Kc3 87. Bd7 Kb3 88. Be8 Kc3 89. Bd7 Kd4 90. Bc6 1/2-1/2


[Site "https://www.chess.com"]

[Event "Titled Tuesday Blitz July 11 Early 2023"]
[White "Thecourseoisildur"]
[Black "Fajdetic, Hrvoje"]
[BlackFideId "14501945"]
[WhiteElo "2544"]
[BlackElo "2327"]
[Result "1-0"]
[Round "7"]
[TimeControl "180+2"]
[Date "2023.07.11"]
[WhiteClock "0:02:03"]
[BlackClock "0:01:10"]
[Board "141"]

1. e4 c5 2. Nf3 a6 3. Nc3 Nc6 4. d4 cxd4 5. Nxd4 g6 6. Be3 Bg7 7. Nd5 d6 8. Nxc6 bxc6 9. Bb6 Qd7 10. Nc7+ Kf8 11. Nxa8 Qb7 12. Bd4 e5 13. Bc3 Ke7 14. f4 Qxa8 15. Bc4 Be6 16. Bxe6 Kxe6 17. fxe5 Bxe5 18. Bxe5 dxe5 19. O-O Nf6 20. Qf3 Qa7+ 21. Kh1 Qe7 22. Rad1 Rb8 23. Qh3+ 1-0


[Site "https://www.chess.com"]

[Event "Titled Tuesday Blitz July 11 Early 2023"]
[White "Malyi, Viacheslav"]
[Black "Vifleemskaia, Svetlana"]
[WhiteFideId "14123983"]
[BlackFideId "4129490"]
[WhiteElo "2518"]
[BlackElo "2311"]
[Result "1-0"]
[Round "7"]
[TimeControl "180+2"]
[Date "2023.07.11"]
[WhiteClock "0:01:04"]
[BlackClock "0:00:00"]
[Board "143"]

1. e4 e5 2. Nf3 Nc6 3. Bc4 Nf6 4. d4 exd4 5. O-O Nxe4 6. Re1 d5 7. Bxd5 Qxd5 8. Nc3 Qa5 9. Nxe4 Be6 10. Bd2 Qd5 11. Bg5 h6 12. Bf6 Qf5 13. Bxd4 O-O-O 14. c3 Be7 15. Qa4 a6 16. Ng3 Qb5 17. Qxb5 axb5 18. Bxg7 Rh7 19. Bd4 h5 20. a3 h4 21. Ne4 Nxd4 22. Nxd4 Bd7 23. Nd2 Bd6 24. Ne4 Be7 25. Rad1 h3 26. g3 f5 27. Nd2 Bd6 28. f4 Rg7 29. Kf2 c5 30. Ne6 Bxe6 31. Rxe6 c4 32. Nf3 Bc5+ 33. Nd4 Rgd7 34. Ke3 Rd5 35. Re5 Rxe5+ 36. fxe5 Rd5 37. Kf4 Bd6 38. Re1 Bc5 39. Rd1 Bd6 40. exd6 1-0


[Site "https://www.chess.com"]

[Event "Titled Tuesday Blitz July 11 Early 2023"]
[White "AndresDelgado77"]
[Black "Ljukin, Sergei"]
[BlackFideId "14102200"]
[WhiteElo "2301"]
[BlackElo "2489"]
[Result "0-1"]
[Round "7"]
[TimeControl "180+2"]
[Date "2023.07.11"]
[WhiteClock "0:00:00"]
[BlackClock "0:00:33"]
[Board "144"]

1. e4 e6 2. d4 d5 3. e5 c5 4. c3 Nc6 5. Nf3 Qb6 6. Bd3 cxd4 7. a3 Bd7 8. O-O f6 9. cxd4 fxe5 10. Nxe5 Nxe5 11. dxe5 g6 12. h4 Bg7 13. h5 Ne7 14. Qe2 O-O 15. Nc3 Qd4 16. Bg5 Nf5 17. hxg6 Qxe5 18. gxh7+ Kh8 19. Qh5 Qd4 20. Rad1 Ng3 21. Qe2 Nxe2+ 22. Bxe2 Qb6 23. Rd2 Rf5 24. Be7 Re8 25. Bh4 Ref8 26. Bg3 Rg5 0-1


[Site "https://www.chess.com"]

[Event "Titled Tuesday Blitz July 11 Early 2023"]
[White "Manukian, Artak"]
[Black "Okike, David"]
[WhiteFideId "13301373"]
[BlackFideId "8500134"]
[WhiteElo "2485"]
[BlackElo "2309"]
[Result "1-0"]
[Round "7"]
[TimeControl "180+2"]
[Date "2023.07.11"]
[WhiteClock "0:00:19"]
[BlackClock "0:00:18"]
[Board "145"]

1. e4 c5 2. Nf3 Nc6 3. c3 d5 4. exd5 Qxd5 5. d4 Nf6 6. Be3 cxd4 7. cxd4 e6 8. Nc3 Qd8 9. Bd3 Be7 10. O-O O-O 11. Ne5 Nb4 12. Bb1 Bd7 13. a3 Nbd5 14. Qd3 g6 15. Bh6 Re8 16. Ba2 Nxc3 17. bxc3 Bf8 18. Bxf8 Rxf8 19. Qf3 Kg7 20. Qxb7 Be8 21. Rab1 Rc8 22. Rfc1 Rc7 23. Qb2 Nd5 24. Bxd5 Qxd5 25. c4 Qd6 26. d5 f6 27. Ng4 exd5 28. cxd5 Rxc1+ 29. Rxc1 Qxd5 30. h3 h5 31. Rc7+ Bd7 32. Ne3 Qd6 33. Rxa7 Rf7 34. Rb7 g5 35. Rb6 Qd3 36. Qc2 Qxa3 37. Rb7 Qa1+ 38. Kh2 Qe5+ 39. Kg1 g4 40. hxg4 hxg4 41. Qb2 Qd6 42. Rb6 Qf4 43. Nd5 Qg5 44. Qd4 Qc1+ 45. Kh2 Qh6+ 46. Kg3 Qg5 47. Nf4 Kh7 48. Rb7 Kg7 49. Rxd7 Qe5 50. Rxf7+ Kxf7 51. Qd5+ Kg7 52. Qxe5 fxe5 53. Nh5+ Kg6 54. Kxg4 e4 55. Ng3 e3 56. fxe3 Kf6 57. e4 Ke5 58. Kf3 Kf6 59. Kf4 Ke6 60. e5 Kf7 61. Ne4 Ke7 62. g4 Kf7 63. g5 Kf8 64. Kf5 Kf7 65. g6+ Kg7 66. e6 Kf8 67. Kf6 Ke8 68. g7 Kd8 69. g8=Q+ Kc7 70. e7 Kd7 71. e8=Q+ Kc7 72. Qc4+ Kb6 73. Qeb5+ Ka7 74. Qca4# 1-0


[Site "https://www.chess.com"]

[Event "Titled Tuesday Blitz July 11 Early 2023"]
[White "Clawitter, Craig"]
[Black "Postlmayer, Jakob"]
[WhiteFideId "2023105"]
[BlackFideId "1643622"]
[WhiteElo "2300"]
[BlackElo "2482"]
[Result "0-1"]
[Round "7"]
[TimeControl "180+2"]
[Date "2023.07.11"]
[WhiteClock "0:00:00"]
[BlackClock "0:00:17"]
[Board "146"]

1. e4 c5 2. Nf3 e6 3. d4 cxd4 4. Nxd4 Nc6 5. Nc3 Qc7 6. Be3 a6 7. Qd2 Nf6 8. O-O-O Bb4 9. f3 Ne5 10. Nb3 b5 11. Bd4 Be7 12. f4 Nc6 13. e5 Nxd4 14. Qxd4 Ng4 15. Be2 Nh6 16. g4 Bb7 17. Ne4 Rc8 18. Rd2 O-O 19. Rhd1 Bxe4 20. Qxe4 Rfd8 21. Bd3 g6 22. Nd4 d5 23. exd6 Bxd6 24. f5 exf5 25. gxf5 Bf4 26. fxg6 hxg6 27. Ne6 Bxd2+ 28. Rxd2 fxe6 29. Qxg6+ Qg7 30. Qxe6+ Kh8 31. Rf2 Rf8 32. Re2 Qg5+ 33. Kb1 Rce8 34. Qxe8 Rxe8 35. Rxe8+ Kg7 36. a3 a5 37. Rb8 b4 38. axb4 axb4 39. Rxb4 Qg1+ 40. Ka2 Qxh2 41. Re4 Nf7 42. b4 Kf6 0-1


[Site "https://www.chess.com"]

[Event "Titled Tuesday Blitz July 11 Early 2023"]
[White "Namitbir Singh Walia"]
[Black "Balint, Vilmos"]
[WhiteFideId "35071068"]
[BlackFideId "718050"]
[WhiteElo "2474"]
[BlackElo "2268"]
[Result "1-0"]
[Round "7"]
[TimeControl "180+2"]
[Date "2023.07.11"]
[WhiteClock "0:00:47"]
[BlackClock "0:01:27"]
[Board "147"]

1. e4 e5 2. Nf3 Nc6 3. Bc4 Nf6 4. d4 exd4 5. O-O Nxe4 6. Re1 d5 7. Bxd5 Qxd5 8. Nc3 Qa5 9. Nxe4 Be6 10. Neg5 O-O-O 11. Nxe6 fxe6 12. Rxe6 Bd6 13. Bg5 Rde8 14. Qe1 Kd7 15. Rxe8 Rxe8 16. Qxa5 Nxa5 17. Nxd4 Bc5 18. Rd1 Kc8 19. Kf1 Nc4 20. b3 Na3 21. c4 h6 22. Be3 Rd8 23. Ke2 a5 24. Ne6 Rxd1 25. Kxd1 Bxe3 26. fxe3 g5 27. Kc1 b5 28. Kb2 b4 29. Ng7 Kd7 30. Nf5 h5 31. Ng3 h4 32. Ne4 g4 33. Nf6+ Ke6 34. Nxg4 Kf5 35. Nf2 c5 36. g4+ Ke5 37. Nd3+ Ke4 38. Nxc5+ Kxe3 39. g5 1-0


[Site "https://www.chess.com"]

[Event "Titled Tuesday Blitz July 11 Early 2023"]
[White "Xavier_mompel"]
[Black "Balla, Tamas-Kristof"]
[BlackFideId "1208497"]
[WhiteElo "2256"]
[BlackElo "2452"]
[Result "1-0"]
[Round "7"]
[TimeControl "180+2"]
[Date "2023.07.11"]
[WhiteClock "0:00:13"]
[BlackClock "0:00:08"]
[Board "148"]

1. e4 c5 2. Nf3 Nc6 3. d4 cxd4 4. Nxd4 e5 5. Nb5 d6 6. N1c3 a6 7. Na3 b5 8. Nd5 Nge7 9. Bg5 h6 10. Be3 Nxd5 11. exd5 Ne7 12. c4 Nf5 13. Qd2 Be7 14. cxb5 O-O 15. bxa6 Nxe3 16. Qxe3 Bg5 17. Qc3 Bd7 18. Be2 Rc8 19. Qb4 Rb8 20. Qc3 Qb6 21. Nc4 Qc5 22. O-O Qxd5 23. Rad1 Qc5 24. Nxd6 Qb6 25. Nc4 Qa7 26. Nxe5 Bb5 27. Nc6 Bxc6 28. Qxc6 Rxb2 29. Rd7 Qa8 30. Qxa8 Rxa8 31. Bc4 Kh8 32. a7 Rc2 33. Bd5 Rcc8 34. Bxa8 Rxa8 35. Rb1 Bf4 36. g3 Be5 37. f4 Bd4+ 38. Rxd4 Rxa7 39. a4 Kg8 40. Rb8+ Kh7 41. Rb5 Kg6 42. a5 f6 43. Rd6 h5 44. a6 h4 45. Rb7 Ra8 46. a7 hxg3 47. hxg3 Kf5 48. Ra6 Rc8 49. a8=Q Rxa8 50. Rxa8 Kg4 51. Rxg7+ Kf3 52. Ra3+ Ke4 53. Rf7 f5 54. Re7+ Kd4 55. Ra5 Kc4 56. Rxf5 Kd3 57. Rd5+ Kc3 58. Rd8 Kb4 59. Rc7 1-0


[Site "https://www.chess.com"]

[Event "Titled Tuesday Blitz July 11 Early 2023"]
[White "Kukreja Sankalp"]
[Black "rionelG"]
[WhiteFideId "45027676"]
[WhiteElo "2435"]
[BlackElo "2254"]
[Result "1-0"]
[Round "7"]
[TimeControl "180+2"]
[Date "2023.07.11"]
[WhiteClock "0:00:55"]
[BlackClock "0:00:00"]
[Board "149"]

1. e4 c5 2. Nf3 d6 3. d4 cxd4 4. Nxd4 Nf6 5. Nc3 a6 6. Bc4 e6 7. Bb3 Nbd7 8. f4 Nc5 9. e5 dxe5 10. fxe5 Nfd7 11. Bf4 Nxb3 12. axb3 Bc5 13. Ne4 Bxd4 14. Qxd4 O-O 15. O-O-O Qa5 16. Kb1 b5 17. Nd6 Rd8 18. Bg5 Nf8 19. Qe4 Ra7 20. Bxd8 Qxd8 21. Nxf7 Qe7 22. Nd6 Bd7 23. Rhf1 Rc7 24. Qg4 Bc6 25. Rf7 1-0


[Site "https://www.chess.com"]

[Event "Titled Tuesday Blitz July 11 Early 2023"]
[White "Zacurdajev, Dmitry"]
[Black "Matute Escobar, Roxanny"]
[WhiteFideId "4196309"]
[BlackFideId "3926028"]
[WhiteElo "2434"]
[BlackElo "2200"]
[Result "0-1"]
[Round "7"]
[TimeControl "180+2"]
[Date "2023.07.11"]
[WhiteClock "0:00:04"]
[BlackClock "0:00:29"]
[Board "150"]

1. d4 Nf6 2. c4 g6 3. Nc3 Bg7 4. e4 d6 5. Be2 O-O 6. g4 e5 7. d5 a5 8. h4 Nfd7 9. h5 Nc5 10. Nh3 Nba6 11. Bg5 Qe8 12. Qd2 gxh5 13. gxh5 f5 14. Bh6 f4 15. Rg1 Rf7 16. O-O-O Bxh3 17. Bg4 Bxg4 18. Rxg4 Kh8 19. Bg5 Nb4 20. h6 Bf6 21. Rdg1 Bxg5 22. Rxg5 Qe7 23. f3 Nxa2+ 24. Kb1 Nxc3+ 25. bxc3 Qf6 26. Qg2 Rff8 27. Rf5 Qxh6 28. Rh1 Qg7 29. Rg5 Qd7 30. Qh2 b5 31. Rh5 Rf7 32. Qh4 bxc4 33. Kc2 Rb8 34. Qg5 Qa4+ 35. Kd2 Rb2+ 0-1


[Site "https://www.chess.com"]

[Event "Titled Tuesday Blitz July 11 Early 2023"]
[White "Novikova, Margarita"]
[Black "Khromkin, Andrey"]
[WhiteFideId "14109689"]
[BlackFideId "4154126"]
[WhiteElo "2190"]
[BlackElo "2422"]
[Result "0-1"]
[Round "7"]
[TimeControl "180+2"]
[Date "2023.07.11"]
[WhiteClock "0:00:00"]
[BlackClock "0:01:21"]
[Board "151"]

1. e4 c5 2. Nc3 g6 3. d3 Bg7 4. Be3 d6 5. Qd2 Nc6 6. g3 Nd4 7. Nd1 h5 8. c3 Nc6 9. h4 Bg4 10. Bg2 Rb8 11. f3 Bd7 12. Nf2 b5 13. Ne2 b4 14. d4 bxc3 15. bxc3 cxd4 16. cxd4 Qa5 17. Qxa5 Nxa5 18. Rc1 Nf6 19. Bd2 Nc6 20. d5 Ne5 21. f4 Neg4 22. Nxg4 Nxg4 23. Bf3 O-O 24. O-O Rb2 25. Bc3 Rxa2 26. Bxg7 Kxg7 27. Rc7 Bb5 28. Re1 Bxe2 29. Bxe2 Rb8 30. Rxe7 Rbb2 31. Bf3 Nf2 32. e5 Nh3+ 0-1


[Site "https://www.chess.com"]